 Dungeon Crawl Stone Soup version 0.25-a0-661-g55ea3d2 (webtiles) character file.

Game seed: 4165291403516932610, levelgen mode: deterministic

48 ssssssssss the Ruffian (level 3, -1/36 HPs)
             Began as a Troll Monk on Mar 24, 2020.
             Was a Believer of Yredelemnul.
             Slain by Grinder (10 damage)
             ... while paralysed by Grinder
             ... on level 3 of the Dungeon.
             The game lasted 00:17:10 (1315 turns).

ssssssssss the Ruffian (Troll Monk)                 Turns: 1315, Time: 00:17:11

Health: -1/36      AC:  6    Str: 20    XL:     3   Next: 50%
Magic:  2/2        EV:  1    Int:  6    God:    Yredelemnul [**....]
Gold:   133        SH:  0    Dex: 12    Spells: 2/2 levels left

rFire    . . .     SeeInvis .     - Unarmed
rCold    . . .     Gourm    +   (no shield)
rNeg     . . .     Faith    .   j - +0 robe
rPois    .         Spirit   .   (helmet restricted)
rElec    .         Reflect  .   (no cloak)
rCorr    .         Harm     .   (gloves unavailable)
MR       .....                  (boots unavailable)
Stlth    ++........             (no amulet)
HPRegen  0.52/turn              (no ring)
MPRegen  0.08/turn              (no ring)

@: paralysed, injury mirror
A: large, unfitting armour, claws 3, fast metabolism 3, gourmand, regeneration
1, shaggy fur 1, tough skin 3
a: Animate Remains, Recall Undead Slaves, Injury Mirror, Renounce Religion


You were on level 3 of the Dungeon.
You worshipped Yredelemnul.
Yredelemnul was pleased with you.
You were very hungry.

You visited 1 branch of the dungeon, and saw 3 of its levels.

You collected 133 gold pieces.

Inventory:

Hand Weapons
 a - a +0 hand axe
 c - a +1 trident
Missiles
 f - 81 arrows
 h - 8 javelins (quivered)
 n - 18 sling bullets
Armour
 j - a +0 robe (worn)
 l - a cursed +0 scale mail
 m - a +0 ring mail
 o - a +0 robe
Scrolls
 p - a scroll of amnesia {unknown}
Potions
 e - a potion of haste {unknown}
 g - 2 potions of heal wounds {unknown}
 i - a potion of brilliance {unknown}
 k - a potion of curing {unknown}
Comestibles
 b - 2 rations
 d - a chunk of flesh


   Skills:
 + Level 2.9 Fighting
 + Level 2.6 Dodging
 * Level 1.2 Stealth
 * Level 3.6 Unarmed Combat


You had 2 spell levels left.
You didn't know any spells.
Your spell library was empty.

Dungeon Overview and Level Annotations

Branches:
Dungeon (2/15)

Altars:
Yredelemnul

Annotations:
D:3 Grinder


Innate Abilities, Weirdness & Mutations

You are too large for most types of armour.
You have claws for hands.
Your metabolism is lightning-fast.
You like to eat raw meat.
Your natural rate of healing is unusually fast.
You are covered in fur. (AC +1)
You have extremely tough skin. (AC +3)


Message History

You scratch Grinder.
Grinder is moderately wounded.
Grinder hits you.
* * * LOW HITPOINT WARNING * * *
You writhe in agony.
* * * LOW HITPOINT WARNING * * *
Yredelemnul mirrors your injury!
Grinder is heavily wounded.
Grinder gestures at you.
You suddenly lose the ability to move!
Grinder gestures at you. Pain shoots through your body!
* * * LOW HITPOINT WARNING * * *
Yredelemnul mirrors your injury!
Grinder is heavily wounded.
Grinder gestures at you.
You shrug off the repeated paralysis!
Grinder hits you!
You die...
Your body rises from the dead as a mindless zombie.

..# #.# ### #.# #+##
#.. #.# #...# # #.#
#.# #....$
#.##.###.##.)....
####.#...##.#.......
.......@5...'.......
.........####......(
.######.## #......
#.# #..... ####.#
#...# #....# #+##
#.##.# #.#
#.###.##.# #.#
#........#
####.######


You could see Grinder.

Vanquished Creatures
  An adder (D:3)
  A worm (D:2)
  A dart slug (D:1)
  2 leopard geckos
  A ball python (D:1)
  7 giant cockroaches
  4 goblins
  4 bats
  3 frilled lizards (D:2)
  2 kobolds
  6 rats
32 creatures vanquished.

Notes
Turn   | Place    | Note
-------+----------+-------------------------------------------
     0 | D:1      | ssssssssss the Troll Monk began the quest for the Orb.
     0 | D:1      | Reached XP level 1. HP: 22/22 MP: 0/0
   230 | D:1      | Reached XP level 2. HP: 29/29 MP: 1/1
   919 | D:2      | Found a faded altar of an unknown god.
   923 | D:2      | Became a worshipper of Yredelemnul the Dark
   923 | D:2      | Reached * piety under Yredelemnul
   923 | D:2      | Reached ** piety under Yredelemnul
  1012 | D:2      | Reached XP level 3. HP: 36/36 MP: 2/2
  1137 | D:2      | You fall into a shaft and drop 1 floor!
  1301 | D:3      | Noticed Grinder
  1311 | D:3      | Paralysed by Grinder for 5 turns
  1315 | D:3      | Slain by Grinder

Levels and vault maps discovered:
D:1:      ncdulo_wetmaze, layout_basic
D:2:      layout_loops_ring, chequers_ecumenical_altar_grove, first_ration,
          minmay_fountain_box
D:3:      layout_loops_corners, elyvilon_altar_3, uniq_grinder, uniq_terence

Action                   || total
-------------------------++-------
Melee: Unarmed           ||    89
Invok: Injury Mirror     ||     1
  Use: Scroll            ||     4
 Stab: Sleeping          ||     2
  Eat: Ration            ||     2
       Chunk             ||     1
Armor: Robe              ||    46
       Skin              ||     6
Dodge: Dodged            ||    60

Table legend:
 A = Non-vault XP
 B = Vault XP
 C = Vault XP percentage of total XP
 D = Non-vault monster count
 E = Vault monster count
 F = Vault count percentage of total count
                 A         B        C        D         E       F
            +---------+---------+-------+---------+---------+-------
      Total |      69 |       0 |   0.0 |      32 |       0 |   0.0
            +---------+---------+-------+---------+---------+-------
        D:1 |      22 |       0 |   0.0 |      12 |       0 |   0.0
        D:2 |      26 |       0 |   0.0 |      15 |       0 |   0.0
        D:3 |      21 |       0 |   0.0 |       5 |       0 |   0.0
            +---------+---------+-------+---------+---------+-------
